 Dungeon Crawl Stone Soup version 0.15.2 (webtiles) character file.

58 kae the Chiller (level 3, 0/24 HPs)
             Began as a Demonspawn Ice Elementalist on Nov 26, 2014.
             Succumbed to an adder's poison
             ... on Level 2 of the Dungeon.
             The game lasted 00:02:00 (1402 turns).

kae the Chiller (Demonspawn Ice Elementalist)       Turns: 1402, Time: 00:02:00

HP   0/24        AC  3     Str  8      XL: 3   Next: 75%
MP   0/6         EV 12     Int 17      God:
Gold 88          SH  0     Dex 13      Spells:  2 memorised,  4 levels left

rFire  . . .     SeeInvis .     d - +0 dagger
rCold  . . .     Clarity  .     g - -1 robe (curse)
rNeg   . . .     rCorr    .     (no shield)
rPois  .         rRot     .     (no helmet)
rElec  .         Spirit   .     (no cloak)
SustAb .         Warding  .     (no gloves)
rMut   .         Stasis   .     e - +0 pair of boots
Gourm  .                        (no amulet)
MR     .....                    (no ring)
                                (no ring)

@: confused, lethally poisoned, very slightly contaminated, not resistant to
hostile enchantments, very unstealthy
A: talons 1, molten scales 1
a: no special abilities


You were on level 2 of the Dungeon.
You were not hungry.

You visited 1 branch of the dungeon, and saw 2 of its levels.

You collected 88 gold pieces.

Inventory:

Hand weapons
 d - a +0 dagger (weapon)
Armour
 a - a +0 robe
 e - a +0 pair of boots (worn)
 g - a cursed -1 robe (worn)
Comestibles
 c - 3 bread rations
 h - a meat ration
Scrolls
 k - 3 scrolls of teleportation
Jewellery
 i - a +3 ring of intelligence {unknown}
Books
 b - a book of Frost

   Spells                             Type                      Level
   *Freeze                            Ice                          1
   *Throw Frost                       Conjuration/Ice              2
   Ozocubu's Armour                   Charms/Ice                   3
   Throw Icicle                       Conjuration/Ice              4
   Summon Ice Beast                   Ice/Summoning                4
   Condensation Shield                Ice                          4


   Skills:
 - Level 1.7 Dodging
 - Level 1.7 Stealth
 + Level 2.7 Spellcasting
 + Level 1.5 Conjurations
 * Level 3.6 Ice Magic


You had 4 spell levels left.
You knew the following spells:

 Your Spells              Type           Power        Failure   Level  Hunger
a - Freeze                Ice            ##..         4%          1    #......
b - Throw Frost           Conj/Ice       ##....       12%         2    ##.....


Dungeon Overview and Level Annotations

Branches:
Dungeon (2/15)

Altars:

Annotations:
D:2 Sigmund


Innate Abilities, Weirdness & Mutations

You have sharp toenails.
You are partially covered in molten scales (AC +1).


Message History

Aim: a kobold, wielding a dagger (severely wounded)
You miscast Freeze.
You are very lightly contaminated with residual magic.
Nothing appears to happen.
* * * LOW HITPOINT WARNING * * *
You feel sick. The kobold hits you but does no damage.
You hit the kobold but do no damage.
The kobold is severely wounded.
The kobold barely misses you.
Casting: Freeze
Confirm with . or Enter, or press ? or * to list all spells.
You don't have enough magic to cast that spell.
Casting: Freeze
Confirm with . or Enter, or press ? or * to list all spells.
You don't have enough magic to cast that spell.
Drink which item? (? for menu, Esc to quit)
You are confused.
It was a potion of confusion.
The kobold hits you but does no damage.
Ouch! You die...

#...........# .. #.
#...........# ####...
#. #...........#
#....... ..
#...........# #......
.. ######'#....#
#..... .. ###.#....#
#.g.# ... #...'....#
#?..# ..
#...#....###...#
#...#(....@K...+
#...#.(..###.!.##...
#...###.#..(.........
#...# #.#.##...#####
#...# #.#.######
#...# #.#.# #...#
#.#.# ##### #.#.#
#.#.#


You could see a kobold.

Vanquished Creatures
  3 adders (D:2)
  A giant gecko (D:1)
  A bat (D:1)
  8 goblins
  6 hobgoblins
  5 giant newts
  3 kobolds
  8 rats
35 creatures vanquished.

Notes
Turn   | Place    | Note
--------------------------------------------------------------
     0 | D:1      | kae, the Demonspawn Ice Elementalist, began the quest for the Orb.
     0 | D:1      | Reached XP level 1. HP: 13/13 MP: 3/3
   307 | D:1      | Reached skill level 3 in Ice Magic
   319 | D:1      | Gained mutation: You have sharp toenails. [demonic ancestry]
   319 | D:1      | Reached XP level 2. HP: 10/19 MP: 4/4
   337 | D:1      | Learned a level 2 spell: Throw Frost
  1078 | D:2      | Gained mutation: You are partially covered in molten scales (AC +1). [demonic ancestry]
  1078 | D:2      | Reached XP level 3. HP: 24/24 MP: 1/6
  1296 | D:2      | Noticed Sigmund
  1399 | D:2      | HP: 1/24 [poisoned by an adder]
  1402 | D:2      | Succumbed to an adder's poison

Action                   || total
-------------------------++-------
Melee: Dagger            ||    86
       Unarmed           ||     2
 Cast: Freeze            ||    32
  Use: Scroll            ||     2
       Potion            ||     1
 Stab: Sleeping          ||     3
  Eat: Chunk             ||     2
